Map: Emerald City LE

Players

IIIIIIIIIIII

  • Race: Protoss Protoss
  • Spawn Location: 5:00

SojuMaegju

  • Race: Protoss Protoss
  • Spawn Location: 5:00

Massa - Winner!

  • Race: Terran Terran
  • League: Platinum
  • Spawn Location: 11:00

qqq - Winner!

  • Race: Zerg Zerg
  • League: Platinum
  • Spawn Location: 11:00

VOD

Have the link to the VOD?

Description

Time

  • Played on: Jan. 12, 2021, 1:09 p.m.
  • Length: 6:30
Show
View Real Time Build Order
Export as new Build Order

IIIIIIIIIIII Protoss 

Build Orders: Proxy Void Ray 

Get SALT Encoding   

  12  0:09  Pylon  
  12  0:13  Probe (Chrono Boost)  
  13  0:22  Probe (Chrono Boost)  
  14  0:30  Gateway  
  14  0:37  Assimilator  
  14  0:41  Probe  
  15  0:53  Probe  
  16  1:08  Probe  
  17  1:27  Zealot  
  19  1:37  Probe (Chrono Boost)  
  20  1:41  Cybernetics Core  
  20  1:47  Probe (Chrono Boost)  
  21  1:54  Pylon  
  21  2:11  Probe (Chrono Boost)  
  23  2:23  Probe (Chrono Boost)  
  23  2:26  Stargate  
  23  2:31  Probe (Chrono Boost), Shield Battery  
  24  2:37  Probe  
  24  2:42  Assimilator  
  25  2:49  Probe  
  26  2:57  Shield Battery  
  26  2:59  Pylon  
  26  3:01  Probe  
  27  3:09  Void Ray (Chrono Boost)  
  27  3:13  Probe  
  32  3:25  Probe  
  33  3:37  Probe  
  33  3:38  Zealot  
  33  3:39  Void Ray  
  30  4:35  Probe (Chrono Boost)  
  13  4:45  Probe (Chrono Boost)  
  13  4:48  Nexus  
Show
View Real Time Build Order
Export as new Build Order

SojuMaegju Protoss 

Build Orders:  

Get SALT Encoding   

  12  0:12  Pylon  
  13  0:14  Probe  
  13  0:27  Probe  
  14  0:31  Gateway  
  14  0:39  Assimilator  
  14  0:40  Probe  
  15  0:48  Assimilator  
  15  0:53  Probe  
  16  1:06  Probe  
  17  1:18  Probe  
  18  1:27  Gateway  
  18  1:30  Probe  
  19  1:54  Probe  
  20  1:58  Cybernetics Core  
  20  2:06  Probe  
  21  2:18  Probe  
  22  2:28  Pylon  
  22  2:30  Probe  
  23  2:51  Stargate  
  23  2:54  Shield Battery  
  23  2:57  Shield Battery  
  23  3:25  Shield Battery  
  23  3:27  Void Ray (Chrono Boost)  
  23  3:40  Stalker  
  29  3:44  Shield Battery  
  29  3:54  Pylon  
  28  4:00  Void Ray (Chrono Boost)  
Show
View Real Time Build Order
Export as new Build Order

Massa Terran - Winner!

Build Orders:  

Get SALT Encoding   

  12  0:00  SCV  
  13  0:12  SCV  
  14  0:23  Supply Depot  
  14  0:24  SCV  
  15  0:44  SCV  
  15  0:47  Refinery  
  16  0:59  SCV  
  17  1:04  Barracks  
  17  1:13  SCV  
  18  1:19  Barracks  
  18  1:21  Barracks  
  18  1:25  SCV  
  19  1:38  SCV  
  20  2:06  SCV  
  21  2:11  Marine  
  22  2:20  Orbital Command  
  23  2:30  Barracks x2  
  23  2:31  Reaper  
  23  2:37  Factory  
  23  3:01  Supply Depot  
  23  3:16  Supply Depot  
  23  3:22  SCV, Reaper x3  
  23  3:26  Factory Tech Lab  
  26  3:34  SCV  
  26  3:39  Reaper  
  26  3:40  Command Center  
  28  3:54  Reaper  
  29  4:05  Marine x2, Engineering Bay  
  30  4:10  Refinery  
  30  4:11  Marine  
  30  4:14  Widow Mine  
  33  4:23  Marine x2  
  35  4:26  Marine  
  35  4:29  Marine  
  37  4:37  Missile Turret  
  37  4:41  Marine x2, Supply Depot  
  37  4:43  Supply Depot  
  39  4:46  Supply Depot  
  38  4:53  Cyclone  
  35  5:07  Marine x3  
  35  5:08  Marine  
  36  5:25  Marine x2  
  38  5:31  Cyclone  
Show
View Real Time Build Order
Export as new Build Order

qqq Zerg - Winner!

Build Orders: Hatch First 

Get SALT Encoding   

  12  0:00  Drone  
  13  0:19  Drone  
  13  0:21  Overlord  
  14  0:48  Hatchery  
  13  0:56  Drone  
  14  0:59  Extractor  
  14  1:04  Drone x2  
  15  1:15  Drone  
  16  1:26  Spawning Pool  
  16  1:27  Drone  
  16  1:37  Drone  
  17  2:03  Drone x2  
  17  2:04  Drone  
  17  2:05  Drone  
  21  2:24  Zergling x2  
  21  2:26  Metabolic Boost  
  21  2:29  Queen x2  
  24  2:30  Drone  
  24  2:34  Zergling x2  
  28  2:39  Overlord  
  28  2:48  Overlord  
  28  2:57  Zergling x2  
  28  2:58  Zergling x4  
  31  2:59  Zergling x2  
  31  3:06  Zergling x2  
  32  3:13  Zergling x2  
  32  3:14  Zergling x2  
  34  3:23  Zergling x2  
  34  3:26  Zergling x2  
  36  3:27  Lair  
  36  3:39  Zergling x2  
  36  3:40  Zergling x4  
  36  3:41  Zergling x4  
  41  3:47  Overlord  
  41  3:48  Zergling x2  
  42  4:00  Spore Crawler  
  41  4:03  Drone, Zergling x2, Spore Crawler  
  40  4:18  Zergling x10  
  44  4:38  Queen  
  42  4:40  Overlord  
  42  4:42  Drone  
  45  4:52  Spire  
  44  4:54  Drone  
  40  5:21  Drone x2  
  42  5:26  Spore Crawler  
  41  5:42  Queen  
  42  6:05  Mutalisk  
Tags
 
Add a new tag
Caveats
  • Supply blocks, unpowered buildings, or Contaminate may cause inaccurate times.
  • Supply counts are checked every 10 seconds.